 Dungeon Crawl Stone Soup version 0.31-a0-1278-g11c5b68f87 (webtiles) character file.

Game seed: 18187204508799010368

11299 gohu the Severer (level 11, -19/101 HPs)
             Began as a Minotaur Fighter on Dec 17, 2023.
             Was a High Priest of Okawaru.
             Demolished by a lorocyproca (29 damage)
             ... on level 2 of the Abyss.
             The game lasted 00:19:52 (8261 turns).

gohu the Severer (Minotaur Fighter)                 Turns: 8261, Time: 00:19:53

Health: -19/101    AC: 20    Str: 24    XL:     11   Next: 47%
Magic:  0/10       EV:  9    Int:  5    God:    Okawaru [*****.]
Gold:   421        SH:  5    Dex: 11    Spells: 10/10 levels left

rFire   . . .        a - +0 war axe
rCold   . . .        c - +0 buckler
rNeg    . . .        G - +5 chain mail {rPois}
rPois   +            (helmet restricted)
rElec   .            B - +0 cloak
rCorr   .            w - +0 pair of gloves
SInv    .            F - +0 pair of boots
Will    .....        o - amulet of regeneration Stlth
                     (no ring)
HPRegen 1.16/turn    (no ring)
MPRegen 0.12/turn

%: no passive effects
@: about to teleport
A: horns 2, retaliatory headbutt
a: Renounce Religion, Heroism, Finesse, Duel


You were on level 2 of the Abyss.
You worshipped Okawaru.
Okawaru was extremely pleased with you.
You visited 2 branches of the dungeon, and saw 12 of its levels.
You visited the Abyss 1 time.
You also visited: Ossuary.

You collected 421 gold pieces.

Inventory:

Hand Weapons
 a - a +0 war axe (weapon)
 L - a +1 hand axe of freezing
Armour
 b - a +0 scale mail
 c - a +0 buckler (worn)
 w - a +0 pair of gloves (worn)
 B - a +0 cloak (worn)
 F - a +0 pair of boots (worn)
 G - a +5 chain mail of poison resistance (worn)
 J - a +0 plate armour
Jewellery
 g - a ring of ice
 n - a ring of magical power
 o - an amulet of regeneration (around neck)
 x - an amulet of guardian spirit
 K - a ring of poison resistance
Wands
 s - a wand of mindburst (17)
 y - a wand of acid (11)
 z - a wand of paralysis (16)
 A - a wand of polymorph (18)
 H - a wand of flame (26)
 I - a wand of digging (4)
Scrolls
 i - 2 scrolls of summoning
 k - 2 scrolls of fog
 r - 2 scrolls of immolation
 v - 2 scrolls of amnesia
 E - 3 scrolls of noise
 N - a scroll of poison
Potions
 d - 3 potions of might
 e - 6 potions of mutation
 h - a potion of degeneration {unknown}
 j - 4 potions of brilliance
 l - 3 potions of curing
 p - a potion of heal wounds {unknown}
 q - 3 potions of haste
 t - a potion of enlightenment {unknown}
 u - 3 potions of ambrosia
 C - a potion of lignification {unknown}
 D - 2 potions of resistance
 M - 2 potions of berserk rage


   Skills:
 * Level 10.8 Fighting
 * Level 15.9 Axes
 + Level 9.6 Armour
 + Level 2.1 Dodging
 + Level 6.8 Shields
 + Level 0.3 Invocations


You had 10 spell levels left.
You didn't know any spells.
Your spell library contained the following spells:

 Spells                   Type           Power      Damage    Failure   Level
 Cigotuvi's Dreadful Rot  Necr/Pois/Air  0%         N/A       99%         2
 Ignite Poison            Fire/Tmut/Pois 0%         N/A       100%        3
 Volatile Blastmotes      Fire/Tloc      0%         2d10      100%        3
 Anguish                  Hex/Necr       0%         N/A       100%        4
 Cause Fear               Hex            0%         N/A       100%        4
 Fulminant Prism          Conj/Hex       0%         3d5       100%        4
 Iskenderun's Mystic Bla  Conj/Tloc      0%         2d3       100%        4
 Manifold Assault         Tloc           0%         N/A       100%        4
 Passage of Golubria      Tloc           0%         N/A       100%        4
 Freezing Cloud           Conj/Ice/Air   0%         6-21      100%        5
 Yara's Violent Unravell  Hex/Tmut       0%         3d3       100%        5
 Dispersal                Tloc           0%         N/A       100%        6
 Enfeeble                 Hex            0%         N/A       100%        7
 Ozocubu's Refrigeration  Ice            0%         4d7       100%        7
 Disjunction              Tloc           0%         N/A       100%        8
 Polar Vortex             Ice            0%         N/A       100%        9
 Summon Small Mammal      Summ           Unusable   N/A       N/A         1
 Call Canine Familiar     Summ           Unusable   N/A       N/A         3
 Summon Guardian Golem    Hex/Summ       Unusable   N/A       N/A         3
 Tukima's Dance           Hex            Unusable   N/A       N/A         3
 Simulacrum               Ice/Necr       Unusable   N/A       N/A         6

Dungeon Overview and Level Annotations

Branches:
Dungeon (11/15)            Temple (1/1) D:4         Ossuary (visited)
   Lair: D:8-11         Orc: D:9-12

Altars:
Ashenzari
Cheibriados
Dithmenos
Elyvilon
Fedhas
Gozag
Hepliaklqana
Kikubaaqudgha
Makhleb
Nemelex Xobeh
Okawaru
Qazlal
Ru
Sif Muna
Trog
Uskayaw
Vehumet
Wu Jian
Xom
Yredelemnul
Zin
The Shining One

Shops:
D:4 :   D:7 (   D:8 =

Annotations:
D:10 Erolcha


Innate Abilities, Weirdness & Mutations

You have a pair of horns on your head.
You reflexively headbutt those who attack you in melee.


Message History

You feel your power leaking away.
Deactivating autopickup; reactivate with Ctrl-A.
You are too injured to fight recklessly!
You hit the sixfirhy. Your headbutt misses the sixfirhy.
The sixfirhy is heavily wounded.
You barely miss something. The sixfirhy closely misses you.
You furiously retaliate!
You headbutt the sixfirhy! The sixfirhy barely misses you.
You furiously retaliate!
You headbutt the sixfirhy. The sixfirhy barely misses you.
You furiously retaliate!
You headbutt the sixfirhy!
You kill the sixfirhy!
Okawaru is honoured by your kill.
You can now enter into single combat with a foe.
Okawaru will now gift you throwing weapons as you gain piety.
Something hits you!!
* * * LOW HITPOINT WARNING * * *
As you read the scroll of teleportation, it crumbles to dust.
You feel strangely unstable.
You feel the power of the Abyss delaying your translocation!
Something hits you but does no damage.
You slash something! You headbutt something! You closely miss something.
You headbutt something. You closely miss the vampire. Something hits you.
* * * LOW HITPOINT WARNING * * *
You feel your power leaking away.
The vampire hits you but does no damage.
The vampire bites you.
* * * LOW HITPOINT WARNING * * *
The vampire draws strength from your injuries!
A thrashing horror comes into view.
The vampire hits you but does no damage.
The vampire bites you but does no damage.
You feel like a meek peon again.
The thrashing horror roars!
Something hits you but does no damage. The vampire attacks as it pursues you!
You block the vampire's attack. The vampire completely misses you.
Something hits you!!
* * * LOW HITPOINT WARNING * * *
You feel better. Something hits you!!
You die...

§..§§.. ..
§...§..# .
#......... .###
#..#..........
#.##..X###### #
#§.#.....#V@# .#
#.........{.##.#
#.........X.#.
§........._#
§.#.....#.## #.
##...###.#
#..#...... #.#
##......##..#..
§......##..#.##


You could see a thrashing horror and a vampire.

Vanquished Creatures
  Snorg (D:10)
  Josephine (D:10)
  A sixfirhy (Abyss:2)
  Pikel (D:8)
  A cyclops (D:8)
  A manticore (D:6)
  A troll (D:9)
  A hornet (D:9)
  A wyvern (D:10)
  A vampire (D:6)
  4 wraiths (D:10)
  3 yaks (D:9)
  3 steam dragons
  5 water moccasins
  Duvessa (D:4)
  4 ice beasts
  4 orc warriors
  3 black bears (D:6)
  An ogre (D:5)
  5 centaurs
  2 lemures (D:8)
  A phantom (D:5)
  3 kobold brigands
  4 elf zombies (Ossuary)
  10 scorpions
  24 wights
  Dowan (D:4)
  A killer bee (D:7)
  2 centaur zombies (Ossuary)
  5 hounds
  5 jellies
  9 orc priests
  Crazy Yiuf (D:4)
  6 human zombies (Ossuary)
  2 iguanas (D:6)
  4 sleepcaps
  Ijyb (D:4)
  Natasha (thrice) (D:2)
  9 orc wizards
  3 mummies (Ossuary)
  A gnoll (D:7)
  9 adders
  5 white imps
  An ufetubus (D:7)
  A worm (D:4)
  2 dart slugs
  52 orcs
  7 ball pythons
  3 endoplasms
  A giant cockroach (D:4)
  10 goblins
  3 hobgoblins
  5 jackals
  4 quokkas
  9 bats
  3 frilled lizards
  27 kobolds
  A quokka zombie (D:7)
  3 rats
  A rat zombie (D:7)
287 creatures vanquished.

Vanquished Creatures (others)
  A sky beast (D:7)
  A jelly (D:7)
  A kobold (D:10)
3 creatures vanquished.

Grand Total: 290 creatures vanquished

Notes
Turn   | Place    | Note
-------+----------+-------------------------------------------
     0 | D:1      | gohu the Minotaur Fighter began the quest for the Orb.
     0 | D:1      | Reached XP level 1. HP: 19/19 MP: 0/0
   213 | D:1      | Reached XP level 2. HP: 27/27 MP: 1/1
   832 | D:2      | Noticed Natasha
   840 | D:2      | Killed Natasha
   841 | D:2      | Reached skill level 3 in Axes
   841 | D:2      | Reached XP level 3. HP: 22/34 MP: 2/2
   894 | D:2      | Identified the +5 dagger "Uppurula" {antimagic, rElec Will-
                  | Str+2 Int+6}
  1067 | D:2      | Noticed Natasha
  1079 | D:2      | Killed Natasha
  1080 | D:2      | Reached XP level 4. HP: 31/41 MP: 3/3
  1110 | D:2      | Found a burning altar of Makhleb.
  1123 | D:2      | Noticed Natasha
  1138 | D:2      | Killed Natasha
  1343 | D:3      | Reached skill level 4 in Axes
  1343 | D:3      | Reached XP level 5. HP: 44/47 MP: 4/4
  1344 | D:3      | Reached skill level 5 in Fighting
  1397 | D:4      | Noticed Ijyb
  1397 | D:4      | Found a basalt altar of Yredelemnul.
  1946 | D:3      | Reached skill level 5 in Axes
  2386 | D:4      | Noticed Dowan
  2388 | D:4      | Noticed Duvessa
  2394 | D:4      | Killed Dowan
  2395 | D:4      | Reached XP level 6. HP: 26/56 MP: 5/5
  2403 | D:4      | Killed Duvessa
  2404 | D:4      | Reached skill level 5 in Armour
  2475 | D:5      | Entered Level 5 of the Dungeon
  2482 | D:5      | Reached skill level 6 in Axes
  2563 | D:5      | Reached XP level 7. HP: 61/61 MP: 6/6
  2647 | D:6      | Reached skill level 7 in Axes
  2903 | D:5      | Reached skill level 8 in Axes
  3014 | D:5      | Reached XP level 8. HP: 71/71 MP: 7/7
  3031 | D:5      | Identified the +4 spear "Fegac" {freeze, Str+6}
  3335 | D:5      | Reached skill level 9 in Axes
  3523 | D:5      | Reached skill level 5 in Shields
  3569 | D:4      | Killed Ijyb
  3681 | D:4      | Found Mureol's Vocational Training.
  3787 | D:4      | Found a staircase to the Ecumenical Temple.
  3822 | Temple   | Entered the Ecumenical Temple
  3844 | Temple   | Became a worshipper of Warmaster Okawaru
  3974 | D:4      | Found a runed translucent door.
  3975 | D:4      | Noticed Crazy Yiuf
  3984 | D:4      | Killed Crazy Yiuf
  4088 | D:6      | Reached skill level 10 in Axes
  4152 | D:7      | Found Fumac's Weapon Boutique.
  4158 | D:7      | Reached * piety under Okawaru
  4159 | D:7      | Reached XP level 9. HP: 79/79 MP: 8/8
  4162 | D:7      | Found a sand-covered staircase.
  4196 | Ossuary  | Entered an ossuary
  4330 | Ossuary  | Reached skill level 11 in Axes
  4454 | D:6      | Found a shimmering altar of Xom.
  4454 | D:6      | Found a stormy altar of Qazlal.
  4454 | D:6      | Found a shimmering blue altar of Sif Muna.
  4460 | D:6      | Found a hazy altar of Hepliaklqana.
  4533 | D:6      | Identified the +0 sling of Foekhlies {drain, +Blink Int+3}
  4658 | D:6      | Reached ** piety under Okawaru
  4659 | D:6      | Reached skill level 12 in Axes
  4962 | D:6      | Noticed a manticore
  4984 | D:6      | Reached skill level 13 in Axes
  4986 | D:6      | Killed a manticore
  4986 | D:6      | Reached *** piety under Okawaru
  4987 | D:6      | Reached XP level 10. HP: 32/90 MP: 9/9
  5564 | D:7      | Noticed a deep elf pyromancer
  5575 | D:7      | Reached skill level 1 in Dodging
  5678 | D:8      | Noticed Pikel
  5693 | D:8      | Killed Pikel
  5694 | D:8      | Reached skill level 14 in Axes
  5746 | D:8      | Found Ebbad's Jewellery Shop.
  6527 | D:8      | Noticed a cyclops
  6540 | D:8      | Reached **** piety under Okawaru
  6549 | D:8      | Killed a cyclops
  7259 | D:9      | Reached skill level 10 in Fighting
  7307 | D:9      | Reached skill level 15 in Axes
  7337 | D:10     | Entered Level 10 of the Dungeon
  7337 | D:10     | Noticed Erolcha
  7344 | D:9      | Reached XP level 11. HP: 99/99 MP: 10/10
  7434 | D:9      | Reached ***** piety under Okawaru
  7488 | D:9      | Found a broken altar of Ashenzari.
  7814 | D:10     | Noticed Snorg
  7832 | D:10     | Killed Snorg
  7995 | D:10     | Noticed Josephine
  8005 | D:10     | Killed Josephine
  8187 | Abyss:2  | Found a corrupted altar of Lugonu.
  8187 | Abyss:2  | Cast into level 2 of the Abyss (Erolcha)
  8237 | Abyss:2  | Found a corrupted altar of Lugonu.
  8242 | Abyss:2  | Found a corrupted altar of Lugonu.
  8242 | Abyss:2  | Noticed a sixfirhy
  8242 | Abyss:2  | Found a corrupted altar of Lugonu.
  8252 | Abyss:2  | Killed a sixfirhy
  8257 | Abyss:2  | Noticed a thrashing horror
  8260 | Abyss:2  | HP: 1/101 [something (23)]
  8261 | Abyss:2  | Demolished by a lorocyproca

Illustrated notes

Levels and vault maps discovered:
D:1:      roadster_arrival_rocket_small, layout_basic
D:2:      layout_rooms, basic_altar, minmay_misc_feat_chi,
          minmay_misc_feat_rugged, uniq_natasha
D:3:      minmay_octagon_keep, layout_basic, serial_rivers,
          chequers_serial_rivers_small_a, chequers_serial_rivers_room_a,
          chequers_serial_rivers_room_a, chequers_serial_rivers_large_b,
          chequers_serial_rivers_micro_c, chequers_serial_rivers_micro_c
D:4:      layout_cave_pools, overflow_temple_1_default,
          minmay_temple_entry_proselytizer, nicolae_shop_vocational, uniq_ijyb,
          uniq_duvessa, uniq_crazy_yiuf_cottage
D:5:      layout_cave_pods
D:6:      layout_loops_ring, grunt_temple_overflow_open, minmay_divided_ellipse
D:7:      cheibrodos_barr_body, layout_gridville, serial_shops, shop,
          enter_ossuary_4, minmay_misc_feat_rows, minmay_unpleasant_kobolds
D:8:      layout_loops_corners, serial_shops, nicolae_stop_n_shop_2, uniq_pikel
D:9:      layout_roguey, cheibrodos_ashenzari_chains
D:10:     layout_basic, lair_entry_dummy, serial_glass, glass_columns_c,
          glass_columns_a, uniq_erolcha, uniq_snorg, uniq_josephine
D:11:     layout_loops_ring, evilmike_minifort
Temple:   kb_temple_of_zot
Abyss:2:  base: D:6, spicy_abyss_pitcher_plant, evilmike_abyss_exit_9

Skill      XL: |  1  2  3  4  5  6  7  8  9 10 11 |
---------------+----------------------------------+-----
Fighting       | 4 5 6 7 8 10 | 10.8
Axes           | 3 4 5 6 8 10 13 15 | 15.9
Armour         | 4 5 6 7 9 |  9.6
Shields        | 4 5 6 |  6.8
Dodging        | 1 2 |  2.1
Invocations    | |  0.3

Action                     |  1- 3 |  4- 6 |  7- 9 | 10-12 || total
---------------------------+-------+-------+-------+-------++-------
  Melee: War axe           |    56 |   152 |   322 |   331 ||   861
         Headbutt          |     8 |    15 |    65 |    72 ||   160
         Unarmed           |       |       |       |     7 ||     7
 Invoke: Heroism           |       |       |     1 |     6 ||     7
  Evoke: Wand              |       |       |       |     7 ||     7
    Use: Potion            |       |     1 |       |     2 ||     3
         Scroll            |       |       |     3 |    18 ||    21
 Armour: Scale mail        |    37 |   132 |   152 |       ||   321
         Chain mail        |       |       |    62 |   236 ||   298
         Skin              |       |       |       |     5 ||     5
  Dodge: Dodged            |    35 |    69 |   121 |   129 ||   354
  Block: Buckler           |    10 |    30 |    61 |    67 ||   168

Table legend: (Time is in decaauts)
 A = Elapsed time spent in this place.
 B = Non-inter-level travel time spent in this place.
 C = Inter-level travel time spent in this place.
 D = Time resting spent in this place.
 E = Time spent auto-exploring this place.
 F = Levels seen in this place.
 G = Mean time per level.
                   A        B        C        D        E       F      G
               +--------+--------+--------+--------+--------+-----+--------+
         Total |   8293 |   7915 |    378 |    184 |   5592 |  14 |  592.4 |
       Dungeon |   7981 |   7620 |    361 |    159 |   5508 |  11 |  725.5 |
        Temple |     44 |     27 |     17 |      0 |      0 |   1 |   44.0 |
         Abyss |     71 |     71 |      0 |      0 |     16 |   1 |   71.0 |
       Ossuary |    195 |    195 |      0 |     25 |     68 |   1 |  195.0 |
               +--------+--------+--------+--------+--------+-----+--------+

Top non-repeatable levels by time:
     D:3: 1185 daAuts
     D:8: 998 daAuts
     D:6: 947 daAuts
     D:5: 940 daAuts
     D:7: 903 daAuts
     D:1: 796 daAuts
     D:9: 771 daAuts
     D:2: 526 daAuts
     D:4: 506 daAuts
    D:10: 399 daAuts
 Ossuary: 195 daAuts
 Abyss:2: 71 daAuts
  Temple: 44 daAuts
    D:11: 5 daAuts
